 Dungeon Crawl Stone Soup version 0.30-a0-956-gcec3b41aec (webtiles) character file.

Game seed: 5928592555668526729

183 voltaire321 the Caller (level 5, -2/38 HPs)
             Began as a Merfolk Summoner on Mar 29, 2023.
             Slain by a sleepcap (19 damage)
             ... on level 4 of the Dungeon.
             The game lasted 00:11:37 (3448 turns).

voltaire321 the Caller (Merfolk Summoner)           Turns: 3448, Time: 00:11:38

Health: -2/38      AC:  5    Str:  8    XL:     5   Next: 62%
Magic:  8/9        EV:  2    Int: 15    God:
Gold:   232        SH:  0    Dex: 16    Spells: 4/9 levels left

rFire   . . .      SeeInvis .    d - +0 short sword (venom)
rCold   + . .      Faith    .    (no shield)
rNeg    . . .      Spirit   .    h - +0 ring mail {rPois}
rPois   +          Reflect  .    (no helmet)
rElec   .          Rampage  .    (no cloak)
rCorr   .                        (no gloves)
Will    .....                    (no boots)
Stlth   +                        (no amulet)
HPRegen 0.26/turn                k - ring of protection from cold
MPRegen 0.11/turn                (no ring)

@: sleeping
A: (nimble swimmer 2), mertail
a: no special abilities


You were on level 4 of the Dungeon.
You visited 1 branch of the dungeon, and saw 4 of its levels.

You collected 232 gold pieces.

Inventory:

Hand Weapons
 d - a +0 short sword of venom (weapon)
Armour
 h - a +0 ring mail of poison resistance (worn)
Jewellery
 e - a ring of fire
 k - a ring of protection from cold (left hand)
Scrolls
 l - 2 scrolls of blinking
 p - a scroll of brand weapon
 r - 2 scrolls of amnesia
Potions
 b - a potion of magic
 c - 2 potions of resistance {unknown}
 f - a potion of lignification {unknown}
 g - 3 potions of curing
 i - 2 potions of heal wounds {unknown}
 m - 3 potions of flight {unknown}


   Skills:
 + Level 2.2 Fighting
 + Level 1.5 Armour
 + Level 4.0 Dodging
 - Level 2.1 Stealth
 + Level 2.9 Spellcasting
 + Level 4.6 Summonings


You had 4 spell levels left.
You knew the following spells:

 Your Spells              Type           Power      Damage    Failure   Level
a - Call Imp              Summ           16%        N/A       14%         2
b - Call Canine Familiar  Summ           16%        N/A       26%         3

Your spell library contained the following spells:

 Spells                   Type           Power      Damage    Failure   Level
 Summon Small Mammal      Summ           64%        N/A       9%          1
 Apportation              Tloc           4%         N/A       52%         1
 Beastly Appendage        Tmut           4%         N/A       52%         1
 Magic Dart               Conj           8%         1d3       52%         1
 Necrotise                Necr           8%         1d4       52%         1
 Summon Guardian Golem    Hex/Summ       9%         N/A       56%         3
 Blink                    Tloc           4%         N/A       67%         2
 Lesser Beckoning         Tloc           4%         N/A       67%         2
 Momentum Strike          Conj/Tloc      4%         3d8       67%         2
 Searing Ray              Conj           4%         2d4       67%         2
 Wereblood                Tmut           2%         N/A       67%         2
 Spider Form              Tmut/Pois      2%         N/A       88%         3
 Summon Lightning Spire   Summ/Air       9%         N/A       93%         4
 Fulminant Prism          Conj/Hex       1%         3d5       99%         4


Dungeon Overview and Level Annotations

Branches:
Dungeon (4/15)
 Temple: D:4-7

Altars:
Wu Jian


Innate Abilities, Weirdness & Mutations

((You are very nimble when in or above water. (Stealth+, EV+, Speed+++)))
Your lower body shifts to a powerful aquatic tail in water.


Message History

Your crimson imp hits the adder but does no damage.
You hit the adder.
The adder looks as sick as possible!
The adder is heavily wounded.
The adder bites you but does no damage. x2; Your crimson imp hits the adder.
You hit the adder.
The adder looks as sick as possible!
The adder is almost dead.
You kill the adder!
The sleepcap releases spores at you but does no damage.
Your crimson imp hits the sleepcap.
You see here an adder corpse.
You hit the sleepcap but do no damage.
The sleepcap is lightly damaged.
The sleepcap releases spores at you.
Your crimson imp blinks!
You hit the sleepcap.
The sleepcap is lightly damaged.
The sleepcap releases spores at you!
You are engulfed in a cloud of soporific spores!
You fall asleep.
The sleepcap releases spores at you!
You wake up.
You hit the sleepcap.
The sleepcap is moderately damaged.
The sleepcap closely misses you.
Your crimson imp hits the sleepcap but does no damage.
You hit the sleepcap but do no damage.
The sleepcap is moderately damaged.
The sleepcap closely misses you.
Your crimson imp hits the sleepcap.
You hit the sleepcap but do no damage.
The sleepcap is poisoned.
The sleepcap is moderately damaged.
The sleepcap barely misses you.
Your crimson imp hits the sleepcap but does no damage.
You hit the sleepcap but do no damage.
The sleepcap is heavily damaged.
The sleepcap releases spores at you!
You are engulfed in a cloud of soporific spores!
You fall asleep.
Your crimson imp hits the sleepcap.
The sleepcap releases spores at you!!
Ouch! That really hurt!
You die...

#.* #h.♣♣.._...,,,,
#.# #..........,,,*
#.# *........#*,,,*
#.# *#...≈≈..##,,*,
#.# #...≈≈....,,*,
#.# ##........,**,
#.####.##.....#*,*,
#..f5....##.###*,**
#.@######.....,,,,,
#..# **,,...##*,,,
#[.# **,,,,...****,
#..# *,,,,,,..,,,,,
#..####...,,,.,,,,,
#.........,,,****,*
##.######.,,** *,*
#.# ****,******,*
#.# *,,,,,,,,,,,,


You could see a sleepcap (very poisoned, ally target) and a friendly crimson imp
(summoned).

Vanquished Creatures
  Terence (D:2)
  2 adders
  2 gnolls (D:4)
  A worm (D:4)
  4 dart slugs
  6 bats
  4 endoplasms
  3 giant cockroaches
  4 goblins
  5 hobgoblins
  A kobold (D:1)
  4 quokkas
  6 ball pythons
  2 frilled lizards
  2 rats
47 creatures vanquished.

Vanquished Creatures (collateral kills)
  2 gnolls
  An adder (D:2)
  An orc (D:3)
  3 ball pythons
  2 bats
  2 endoplasms (D:1)
  4 giant cockroaches
  A goblin (D:1)
  2 hobgoblins (D:1)
  4 kobolds
  2 frilled lizards
  5 rats
29 creatures vanquished.

Grand Total: 76 creatures vanquished

Notes
Turn   | Place    | Note
-------+----------+-------------------------------------------
     0 | D:1      | voltaire321 the Merfolk Summoner began the quest for the
                  | Orb.
     0 | D:1      | Reached XP level 1. HP: 13/13 MP: 3/3
   132 | D:1      | Reached XP level 2. HP: 18/20 MP: 3/5
   155 | D:1      | Learned a level 2 spell: Call Imp
   209 | D:1      | Reached skill level 1 in Fighting
   250 | D:1      | Reached XP level 3. HP: 26/26 MP: 3/6
   904 | D:2      | Reached skill level 1 in Armour
   904 | D:2      | Reached XP level 4. HP: 4/32 MP: 4/7
  1243 | D:2      | Noticed Terence
  1260 | D:2      | Killed Terence
  2714 | D:3      | Reached XP level 5. HP: 36/38 MP: 9/9
  3226 | D:4      | Learned a level 3 spell: Call Canine Familiar
  3427 | D:4      | Found an ornate altar of the Wu Jian Council.
  3448 | D:4      | Slain by a sleepcap

Illustrated notes

Levels and vault maps discovered:
D:1:      erik_arrival_triangle_medium, layout_rooms,
          chequers_serial_rivers_large_b, nicolae_figureground_pulse
D:2:      layout_basic, chequers_decorated_corner, minmay_pentomino_o4,
          uniq_terence
D:3:      minmay_chambers_of_threes, layout_loops_ring,
          grunt_decor_mini_mirrors, chequers_avenue, minmay_misc_feat_rugged,
          dk_noncrumbling_3, chequers_big_river, minmay_misc_feat_alley,
          kennysheep_generic_room_11
D:4:      layout_loops_ring, nicolae_wu_jian_wuxing_cycle, zin_academy,
          dk_noncrumbling_2

Skill      XL: |  1  2  3  4  5 |
---------------+----------------+-----
Dodging        | 3 4 |  4.0
Fighting       | 1 2 |  2.2
Armour         | 1 |  1.5
Stealth        | |  2.1
Spellcasting   | |  2.9
Summonings     | |  4.6

Action                     |  1- 3 |  4- 6 || total
---------------------------+-------+-------++-------
  Melee: Unarmed           |    22 |       ||    22
         Short sword       |    64 |   141 ||   205
         Punch             |       |     1 ||     1
   Cast: Summon Small Mamm |     7 |       ||     7
         Call Imp          |    10 |     8 ||    18
    Use: Potion            |       |     1 ||     1
         Scroll            |       |     8 ||     8
   Stab: Distracted        |     1 |     1 ||     2
         Sleeping          |     4 |     7 ||    11
 Armour: Robe              |    11 |    14 ||    25
         Ring mail         |       |     4 ||     4
  Dodge: Dodged            |    69 |   106 ||   175

Table legend: (Time is in decaauts)
 A = Elapsed time spent in this place.
 B = Non-inter-level travel time spent in this place.
 C = Inter-level travel time spent in this place.
 D = Time resting spent in this place.
 E = Time spent auto-exploring this place.
 F = Levels seen in this place.
 G = Mean time per level.
                   A        B        C        D        E       F      G
               +--------+--------+--------+--------+--------+-----+--------+
         Total |   3415 |   3294 |    121 |    358 |   2168 |   4 |  853.8 |
       Dungeon |   3415 |   3294 |    121 |    358 |   2168 |   4 |  853.8 |
               +--------+--------+--------+--------+--------+-----+--------+

Top non-repeatable levels by time:
     D:2: 1227 daAuts
     D:3: 1157 daAuts
     D:1: 694 daAuts
     D:4: 335 daAuts
